 Dungeon Crawl Stone Soup version 0.25-a0-410-g53dbb63 (webtiles) character file.

Game seed: 10796285752470709986, levelgen mode: deterministic

2895 BlueFish the Insei (level 9, 0/59 HPs)
             Began as an Octopode Transmuter on Jan 13, 2020.
             Was a Follower of Sif Muna.
             Slain by a hornet zombie (9 damage)
             ... on level 7 of the Dungeon on Jan 14, 2020.
             The game lasted 00:20:32 (7793 turns).

BlueFish the Insei (Octopode Transmuter)            Turns: 7793, Time: 00:20:33

Health: 0/59       AC:  2    Str: 12    XL:     9   Next: 77%
Magic:  14/15      EV: 24    Int: 16    God:    Sif Muna [*.....]
Gold:   372        SH:  0    Dex: 17    Spells: 6/16 levels left

rFire    . . .     SeeInvis .     - Unarmed
rCold    . . .     Gourm    .   (shield currently unavailable)
rNeg     . . .     Faith    .   (helmet currently unavailable)
rPois    x         Spirit   .   (no amulet)
rElec    .         Reflect  .   o - ring of flight
rCorr    .         Harm     .   (no ring)
MR       .....                  (no ring)
Stlth    +++.......             (no ring)
HPRegen  0.19/turn              (no ring)
MPRegen  0.14/turn              (no ring)
                                (no ring)
                                (no ring)

@: spider-form
A: tiny, almost no armour, stealthy swim, (amphibious), 8 rings, (constrict 8)
a: End Transformation, Channel Magic, Renounce Religion, Evoke Flight


You were on level 7 of the Dungeon.
You worshipped Sif Muna.
Sif Muna was aware of your devotion.
You were hungry.
You were a venomous arachnid creature.
You visited 1 branch of the dungeon, and saw 7 of its levels.

You collected 372 gold pieces.

Inventory:

Hand Weapons
 h - a +0 whip of freezing
Missiles
 a - 214 arrows
Jewellery
 o - a ring of flight (left front leg)
Wands
 d - a wand of random effects (39)
 m - a wand of disintegration (7)
 p - a wand of flame (12)
 t - a wand of polymorph (6)
Scrolls
 k - 2 scrolls of teleportation
 l - 3 scrolls of enchant armour
 s - a scroll of immolation
 v - a scroll of remove curse
Potions
 b - 2 potions of mutation
 e - 2 potions of degeneration {unknown}
 f - a potion of agility {unknown}
 g - 2 potions of cancellation {unknown}
 i - 2 potions of curing {unknown}
 j - a potion of magic {unknown}
 n - a potion of invisibility {unknown}
 q - a potion of might {unknown}
 r - a potion of berserk rage {unknown}
Comestibles
 c - 13 rations


   Skills:
 * Level 4.4 Fighting
 * Level 5.5 Dodging
 + Level 4.4 Stealth
 + Level 7.2 Unarmed Combat
 + Level 4.3 Spellcasting
 + Level 4.5 Transmutations
 * Level 4.2 Ice Magic
 + Level 4.4 Poison Magic


You had 6 spell levels left.
You knew the following spells:

 Your Spells              Type           Power        Failure   Level  Hunger
a - Beastly Appendage     Tmut           ###...       10%         1    None
b - Sticks to Snakes      Tmut           ###.....     12%         2    ##.....
c - Spider Form           Tmut/Pois      ###.......   21%         3    ###....
d - Ice Form              Ice/Tmut       ###.....     47%         4    ####...

Your spell library contained the following spells:

 Spells                   Type           Power        Failure   Level  Hunger
 Ensorcelled Hibernation  Hex/Ice        ##....       26%         2    ##.....
 Corona                   Hex            #......      34%         1    None
 Confusing Touch          Hex            #.......     65%         3    ###....
 Dazzling Flash           Conj/Hex       #.....       65%         3    ###....
 Tukima's Dance           Hex            #.......     65%         3    ###....
 Blade Hands              Tmut           ###.......   77%         5    ######.


Dungeon Overview and Level Annotations

Branches:
Dungeon (7/15)
 Temple: D:4-7

Altars:
Cheibriados
Gozag
Qazlal
Sif Muna
Trog
Uskayaw
Vehumet
Xom
Yredelemnul
Zin
The Shining One


Innate Abilities, Weirdness & Mutations

You cannot wear most types of armour.
You are very stealthy in the water. (Stealth+)
((You are amphibious.))
You can wear up to eight rings at the same time.
((You can use your tentacles to constrict eight enemies at once.))
((Your skin changes colour to match your surroundings (Stealth+).))
((Your rubbery body absorbs attacks. (AC +1, EV +1)))


Message History

You barely miss the hornet zombie.
The hornet zombie is severely damaged.
The hornet zombie closely misses you.
You hit the hornet zombie.
The hornet zombie is severely damaged.
The hornet zombie misses you. The hornet zombie closely misses you.
You hit the hornet zombie.
The hornet zombie is almost destroyed.
The hornet zombie closely misses you.
You hit the hornet zombie.
The hornet zombie is almost destroyed.
The hornet zombie hits you but does no damage.
You hit the hornet zombie.
The hornet zombie is almost destroyed.
The hornet zombie hits you!
* * * LOW HITPOINT WARNING * * *
You closely miss the hornet zombie.
The hornet zombie is almost destroyed.
The hornet zombie hits you!
You die...

#...#
#...#
#...#
#...#
#.>.#
##.###
#..#
#.##
#s# #Z#
...
...#.
.......
....##
..
.....
...
#.....
...


You could see a hornet zombie.

Vanquished Creatures
  Pikel (D:6)
  A hippogriff (D:7)
  A vampire mosquito (D:7)
  Duvessa (D:6)
  An orc warrior (D:7)
  3 sky beasts
  A black bear (D:7)
  An ice beast (D:6)
  An ogre (D:7)
  3 centaurs (D:6)
  2 bullfrogs
  Dowan (D:6)
  A scorpion (D:4)
  4 howler monkeys
  5 crimson imps
  A jelly (D:5)
  An orc priest (D:6)
  2 orc wizards
  Crazy Yiuf (D:6)
  Jessica (D:2)
  3 worker ants
  An iguana (D:6)
  A hound skeleton (D:5)
  Robin (D:2)
  11 gnolls
  6 adders
  A shadow imp (D:5)
  4 oozes
  An adder zombie (D:5)
  An adder skeleton (D:4)
  5 worms
  2 dart slugs
  4 leopard geckos
  13 orcs
  A ball python (D:5)
  14 bats
  4 giant cockroaches
  13 goblins
  4 hobgoblins
  4 quokkas
  4 frilled lizards
  A jackal skeleton (D:5)
  5 kobolds
  3 rats
140 creatures vanquished.

Vanquished Creatures (others)
  An adder skeleton (D:6)
1 creature vanquished.

Grand Total: 141 creatures vanquished

Notes
Turn   | Place    | Note
-------+----------+-------------------------------------------
     0 | D:1      | BlueFish the Octopode Transmuter began the quest for the
                  | Orb.
     0 | D:1      | Reached XP level 1. HP: 13/13 MP: 3/3
   238 | D:1      | Reached XP level 2. HP: 18/18 MP: 3/5
   250 | D:1      | Learned a level 2 spell: Sticks to Snakes
   630 | D:2      | Reached XP level 3. HP: 14/23 MP: 4/6
   635 | D:2      | Learned a level 3 spell: Spider Form
   932 | D:2      | Noticed Jessica
   932 | D:2      | Noticed Robin
  1113 | D:2      | Reached skill level 1 in Stealth
  1255 | D:2      | Killed Jessica
  1255 | D:2      | Reached skill level 1 in Poison Magic
  1255 | D:2      | Reached XP level 4. HP: 28/28 MP: 5/8
  1660 | D:2      | You fall into a shaft and drop 1 floor!
  1660 | D:3      | Found a stormy altar of Qazlal.
  1661 | D:3      | Noticed a fire elemental
  2161 | D:3      | Reached XP level 5. HP: 12/33 MP: 4/9
  2269 | D:2      | Killed Robin
  2617 | D:3      | Noticed a water elemental
  2623 | D:3      | Noticed an air elemental
  2659 | D:3      | Reached skill level 4 in Unarmed Combat
  2966 | D:4      | Found a shimmering blue altar of Sif Muna.
  2966 | D:4      | Found a glowing silver altar of Zin.
  2972 | D:4      | Became a worshipper of Sif Muna the Loreminder
  3229 | D:4      | Reached XP level 6. HP: 28/38 MP: 6/10
  3235 | D:4      | Learned a level 4 spell: Ice Form
  3410 | D:4      | Found a shimmering altar of Xom.
  3410 | D:4      | Found a shimmering altar of Xom.
  3416 | D:4      | Found a shimmering altar of Xom.
  3451 | D:4      | Found a shimmering altar of Xom.
  3452 | D:4      | Found a shimmering altar of Xom.
  3453 | D:4      | Found a shimmering altar of Xom.
  3455 | D:4      | Found a shimmering altar of Xom.
  4306 | D:5      | Entered Level 5 of the Dungeon
  4307 | D:5      | Upgraded the game from 0.25-a0-404-gc1b5a34 to
                  | 0.25-a0-410-g53dbb63
  4441 | D:5      | Reached skill level 1 in Ice Magic
  4441 | D:5      | Reached XP level 7. HP: 43/43 MP: 8/11
  4558 | D:5      | Reached skill level 5 in Unarmed Combat
  4833 | D:5      | Reached * piety under Sif Muna
  5194 | D:5      | Reached XP level 8. HP: 45/51 MP: 13/13
  6214 | D:6      | Found a runed translucent door.
  6215 | D:6      | Noticed Crazy Yiuf
  6225 | D:6      | Killed Crazy Yiuf
  6325 | D:6      | Reached skill level 6 in Unarmed Combat
  6423 | D:6      | Noticed Duvessa
  6423 | D:6      | Noticed Dowan
  6448 | D:6      | Killed Duvessa
  6451 | D:6      | Killed Dowan
  6734 | D:6      | Noticed Pikel
  6735 | D:6      | Found an opulent altar of Gozag.
  6735 | D:6      | Found a snail-covered altar of Cheibriados.
  6735 | D:6      | Found a glowing golden altar of the Shining One.
  6735 | D:6      | Found a bloodstained altar of Trog.
  6764 | D:6      | Killed Pikel
  6764 | D:6      | Reached skill level 5 in Dodging
  6764 | D:6      | Reached XP level 9. HP: 46/58 MP: 12/15
  6804 | D:6      | Found a basalt altar of Yredelemnul.
  6804 | D:6      | Found a hide-covered altar of Uskayaw.
  7148 | D:7      | Reached skill level 7 in Unarmed Combat
  7527 | D:7      | Found a radiant altar of Vehumet.
  7793 | D:7      | Slain by a hornet zombie

Levels and vault maps discovered:
D:1:      ebering_hopf_link, layout_loops_ring
D:2:      layout_loops_ring, supply_closet_lemuel, uniq_jessica, uniq_robin
D:3:      layout_rooms, nicolae_qazlal_style_of_elements
D:4:      layout_loops_ring, xom_redecorated,
          chequers_temple_overflow_statue_of_worship, dk_rats_in_the_wall
D:5:      layout_layer_cave, first_ration
D:6:      layout_cave_pools, minmay_overflow_temple_hex,
          uniq_crazy_yiuf_cottage, uniq_duvessa, uniq_pikel
D:7:      minmay_octagon_keep, layout_rooms, kennysheep_mini_moat,
          temple_doors_cd, hangedman_feature_mirror

Skill      XL: |  1  2  3  4  5  6  7  8  9 |
---------------+----------------------------+-----
Stealth        | 1 2 3 4 |  4.4
Poison Magic   | 1 2 3 4 |  4.4
Spellcasting   | 3 4 |  4.3
Unarmed Combat | 4 5 6 7 |  7.2
Transmutations | 3 4 |  4.5
Ice Magic      | 1 3 4 |  4.2
Dodging        | 3 5 |  5.5
Fighting       | 2 3 4 |  4.4

Action                   |  1- 3 |  4- 6 |  7- 9 || total
-------------------------+-------+-------+-------++-------
Melee: Unarmed           |    45 |   190 |   245 ||   480
       Constrict         |    15 |    26 |     7 ||    48
       Tentacles         |     7 |    11 |     7 ||    25
       Kick              |     6 |    21 |     4 ||    31
       Punch             |       |       |     3 ||     3
 Cast: Beastly Appendage |    19 |    25 |     5 ||    49
       Spider Form       |       |    15 |    27 ||    42
  Use: Scroll            |     2 |     5 |     4 ||    11
       Potion            |       |       |     3 ||     3
 Stab: Sleeping          |     7 |     6 |     6 ||    19
  Eat: Chunk             |     1 |    11 |    11 ||    23
       Ration            |       |       |     1 ||     1
Armor: Skin              |     1 |    20 |     7 ||    28
Dodge: Dodged            |    26 |   173 |   245 ||   444

Table legend:
 A = Non-vault XP
 B = Vault XP
 C = Vault XP percentage of total XP
 D = Non-vault monster count
 E = Vault monster count
 F = Vault count percentage of total count
                 A         B        C        D         E       F
            +---------+---------+-------+---------+---------+-------
      Total |    2967 |    1170 |  28.3 |     124 |      16 |  11.4
            +---------+---------+-------+---------+---------+-------
        D:1 |      26 |       0 |   0.0 |      14 |       0 |   0.0
        D:2 |      62 |      69 |  52.7 |      17 |      11 |  39.3
        D:3 |     122 |       0 |   0.0 |      23 |       0 |   0.0
        D:4 |     285 |       0 |   0.0 |      22 |       0 |   0.0
        D:5 |     683 |       0 |   0.0 |      19 |       0 |   0.0
        D:6 |     834 |     913 |  52.3 |      14 |       4 |  22.2
        D:7 |     955 |     188 |  16.4 |      15 |       1 |   6.2
            +---------+---------+-------+---------+---------+-------
